AoeStats
← Koti

Arena

510613695Analyzed
1v1 RM · 18h ago on Oct 1, 2026· 39m 41s· 2 players
Game mode
Random Map
Map size
Tiny (2 player)
Population
200
Speed
Normal
Resources
Standard
Victory
Conquest
Starting age
Dark Age
Ending age
Imperial Age
RankedLock teamsTeams togetherTeam positionsShared explorationLock speedFull tech treeHidden civsTurbo modeCheats
Victory
Defeat
🇦🇺 Sicilians · Australia
1632
+18
🇫🇷 Dravidians · France
1685
-18
PEPPA
10:54 Feudal Age
14:46 Castle Age
12:54 Double-Bit Axe
13:31 Horse Collar
16:00 Bow Saw
23:05 Wheelbarrow
22:28 Loom
27:37 Imperial Age
25:28 Stone Mining
25:44 Heavy Plow
26:41 Gold Mining
27:01 Squires
27:04 Scale Mail Armor
28:19 Chain Mail Armor
28:15 Forging
28:15 Fletching
29:51 Plate Mail Armor
29:21 Elite Serjeant
30:42 Hand Cart
31:06 First Crusade
31:23 Bodkin Arrow
32:53 Bracer
33:43 Iron Casting
33:31 Ballistics
32:58 Arrowslits
34:17 Crop Rotation
36:48 Chemistry
36:28 Conscription
37:50 Blast Furnace
38:44 Hoardings
Koti
8:04 Loom
10:08 Feudal Age
10:58 Double-Bit Axe
15:07 Castle Age
16:29 Bow Saw
22:52 Wheelbarrow
22:30 Horse Collar
23:47 Gold Mining
23:54 Stone Mining
25:24 Heavy Plow
29:06 Imperial Age
27:06 Scale Mail Armor
27:18 Squires
27:31 Town Watch
28:56 Chain Mail Armor
30:04 Ballistics
29:31 Arson
30:06 Masonry
31:15 Chemistry
31:11 Plate Mail Armor
31:03 Forging
31:28 Conscription
31:54 Elite Urumi Swordsman
33:18 Iron Casting
34:13 Wootz Steel
37:52 Blast Furnace
37:50 Fletching
38:58 Bodkin Arrow
Connection lost

Rejoining the realm…

Still unreachable

The connection could not be restored.

Session expired

The server has moved on; the page needs a fresh start.